 Dungeon Crawl Stone Soup version 0.17-a0-1115-g0372368 (webtiles) character file.

53 Hanyuu the Insei (level 3, 24/24 HPs)
             Began as an Octopode Transmuter on May 23, 2015.
             Quit the game on level 2 of the Dungeon.
             The game lasted 00:03:29 (1919 turns).

Hanyuu the Insei (Octopode Transmuter)              Turns: 1919, Time: 00:03:30

Health: 24/24      AC:  1    Str:  9    XL:     3   Next: 87%
Magic:  6/6        EV: 12    Int: 16    God:
Gold:   115        SH:  0    Dex: 12    Spells: 3 memorised, 0 levels left

rFire  . . .     SeeInvis .       - Unarmed
rCold  . . .     Clarity  .     (no shield)
rNeg   . . .     SustAt   .     (helmet restricted)
rPois  .         Gourm    .     (no amulet)
rElec  .         Spirit   .     (no ring)
rCorr  .         Warding  .     (no ring)
rMut   .         Stasis   .     (no ring)
MR     .....                    (no ring)
Stlth  ++........               (no ring)
                                (no ring)
                                (no ring)
                                (no ring)

@: not resistant to hostile enchantments, unstealthy
A: almost no armour, amphibious, 8 rings, constrict 8, camouflage 1, gelatinous
body 1
a: no special abilities


You were on level 2 of the Dungeon.
You were not hungry.

You visited 1 branch of the dungeon, and saw 2 of its levels.

You collected 115 gold pieces.

Inventory:

Missiles
 a - 12 arrows
Scrolls
 e - 4 scrolls of teleportation {unknown}
 j - a scroll of remove curse {unknown}
 k - a scroll of enchant armour {unknown}
 l - 2 scrolls of identify {unknown}
 m - 2 scrolls of amnesia {unknown}
 p - a scroll of enchant weapon {unknown}
 r - a scroll of immolation {unknown}
 t - a scroll of fog {unknown}
 v - a scroll of recharging {unknown}
Potions
 d - 3 potions of brilliance {unknown}
 g - a potion of lignification {unknown}
 h - a potion of might {unknown}
 i - a potion of mutation {unknown}
 n - a potion of haste {unknown}
 o - a potion of curing {unknown}
 q - a potion of resistance {unknown}
 s - a potion of poison {unknown}
Books
 b - a book of Changes

   Spells                             Type                      Level
   a - Beastly Appendage              Transmutation                1
   b - Sticks to Snakes               Transmutation                2
   c - Spider Form                    Transmutation/Poison         3
   d - Ice Form                       Ice/Transmutation            4
   e - Blade Hands                    Transmutation                5
Comestibles
 c - 4 bread rations
 f - a meat ration
 u - a chunk of flesh


   Skills:
 + Level 1.7 Fighting
 - Level 2.0 Dodging
 * Level 4.4 Unarmed Combat
 - Level 2.0 Spellcasting
 - Level 2.0 Transmutations


You couldn't memorise any spells.
You knew the following spells:

 Your Spells              Type           Power        Failure   Level  Hunger
a - Beastly Appendage     Trmt           #.....       10%         1    #......
b - Sticks to Snakes      Trmt           #.........   14%         2    ###....
c - Spider Form           Trmt/Pois      #.........   38%         3    ###....


Dungeon Overview and Level Annotations

Branches:
Dungeon (2/15)

Altars:
Sif Muna


Innate Abilities, Weirdness & Mutations

You cannot wear most types of armour.
You are amphibious.
You can wear up to eight rings at the same time.
You can use your tentacles to constrict eight enemies at once.
Your skin changes colour to match your surroundings (Stealth).
Your rubbery body absorbs attacks (AC +1).


Message History

You kill the bat!
You see here a mace.
There is an open door here.
There is an open door here.
A bat comes into view.
No target in view!
No target in view!
The bat closely misses you.
You tentacle-slap the bat.
You kill the bat!
No target in view!
You see here a bat corpse.
You butcher the bat corpse.
u - a chunk of flesh You see here a whip.
You see here 21 stones.
You see here 21 stones.
You see here 7 stones.
Done exploring.
Are you sure you want to abandon this character and quit the game? (Confirm with "yes".)

#.# #######.#.##...#.##### #.#
#.........####.#.#
#.#######......#######.#.#####
#.....##.......'.......#......
#####.##.......###############
#.##.####### ###########
#<..(###### #.......)..
#.#.......# #.#########
#.#.#####@# #.#<##....# #.#.#
#.# #.#.##.##.# #.#.#####.#
#.#.##.##.# #.........#
##.#....##.# ###.#######
#....#####.# #.# #..#.# #..
#.###########..#.# ###
#..............#.#
#.....(........#.#


There were no monsters in sight!

Vanquished Creatures
  An ooze (D:1)
  4 worms (D:2)
  A giant cockroach (D:1)
  7 goblins
  5 hobgoblins
  5 kobolds
  A quokka (D:2)
  A ball python (D:1)
  8 bats
  A giant newt (D:2)
  5 rats
39 creatures vanquished.

Notes
Turn   | Place    | Note
--------------------------------------------------------------
     0 | D:1      | Hanyuu the Octopode Transmuter began the quest for the Orb.
     0 | D:1      | Reached XP level 1. HP: 13/13 MP: 3/3
   181 | D:1      | Reached XP level 2. HP: 9/18 MP: 5/5
   674 | D:1      | Reached skill level 4 in Unarmed Combat
   710 | D:2      | Reached XP level 3. HP: 20/23 MP: 6/6
   714 | D:2      | Learned a level 2 spell: Sticks to Snakes
   718 | D:2      | Learned a level 3 spell: Spider Form
  1640 | D:2      | Found a deep blue altar of Sif Muna.
  1919 | D:2      | Quit the game

Vault maps used:
D:1:      eino_arrival_cavern_d
D:2:      led_sif_pool

Action                   || total
-------------------------++-------
Melee: Unarmed           ||    90
 Stab: Sleeping          ||     7
  Eat: Chunk             ||     3
